Minoru, lawful male human Samurai -------- # | |.......########-------.-- .| |....`.| #|........| ...| |......|########|........| # .... |......| #|........d#### --.----- ##........@| # # ##|.`.....<| # ####---------- ### # #########0I # ### ## # ---.--### |....|# |....|# |.....# ------ Minoru the Ninja Experience level: 6 Strength: 18 Dexterity: 12 Constitution: 18 Intelligence: 9 Wisdom: 10 Charisma: 8 Health: 0(60) Energy: 27(27) AC: 4 Gold: 924 Moves: 1425 Your Inventory: Coins $ - 924 gold pieces Weapons a - a blessed +0 katana (weapon in hand) b - an uncursed +3 wakizashi c - an uncursed +0 yumi (alternate weapon; not wielded) d - 27 uncursed +0 ya (in quiver) Armor e - an uncursed rustproof +0 splint mail (being worn) q - an [uncursed] burnt +0 oilskin cloak (being worn) Scrolls j - an [uncursed] scroll labeled TEMOV [of teleportation] Potions g - a [blessed] yellow potion [of healing] k - an [uncursed] pink potion [of blindness] Tools f - an uncursed blindfold Gems l - an [uncursed] yellowish brown gem [worthless glass] p - an [uncursed] green gem [jade] Spells known in the end: Name Level Category Fail Memory Your skills at the end: Fighting Skills martial arts [Basic / Master] Weapon Skills short sword [Basic / Expert] long sword [Basic / Expert] bow [Basic / Expert] Spellcasting Skills Final Attributes: You were devoutly aligned. Hunger level was 474. Your alignment was 17 / 17. Monster difficulty range was 1 - 7. Level difficulty was 8. You were fast. Your luck was zero. You are dead. Vanquished creatures: a pyrolisk a werewolf a housecat a bugbear an orc shaman an enormous rat a ghoul a little dog a hill orc an orc zombie an acid blob 2 geckos 2 jackals a fox a kobold 5 grid bugs a bat 2 newts 25 creatures vanquished. Voluntary challenges: You were illiterate. You used a wielded weapon 35 times. You put on armor 2 times. You never genocided any monsters. You never polymorphed an object. You never changed form. You used no wishes. You never wrote Elbereth's name. You never encountered a bones level. You never used any Sokoban shortcuts. Dungeon overview: The Dungeons of Doom: levels 1 to 8 Level 1 some fountains, a sink a long staircase Level 3 a scroll shop, a fountain stairs to The Gnomish Mines Level 4 a general store Level 7 a fountain Level 8 <- You were here The Gnomish Mines: Level 4 stairs to The Dungeons of Doom History has recorded: On T:1 you entered the Dungeons of Doom to retrieve the Amulet of Yendor! On T:24 you reached level 2 of The Dungeons of Doom. On T:256 you reached level 3 of The Dungeons of Doom. On T:471 you reached level 1 of The Gnomish Mines. On T:478 you advanced to experience level 2. On T:685 you advanced to experience level 3. On T:729 you reached level 4 of The Dungeons of Doom. On T:950 you reached level 5 of The Dungeons of Doom. On T:992 you reached level 6 of The Dungeons of Doom. On T:996 you advanced to experience level 4. On T:1007 you reached level 7 of The Dungeons of Doom. On T:1152 you advanced to experience level 5. On T:1244 you reached level 8 of The Dungeons of Doom. On T:1340 you advanced to experience level 6. Latest messages: [HP-2=28] You miss the werewolf. You kill the werewolf! You hit the winter wolf cub. The winter wolf cub bites! [HP-5=23] You hit the winter wolf cub! You miss the winter wolf cub. The winter wolf cub bites! [HP-3=20] You miss the winter wolf cub. The winter wolf cub bites! [HP-7=13] You miss the winter wolf cub. [HP+1=14] You hit the winter wolf cub! The winter wolf cub bites! [HP-7=7] The blast of frost hits the winter wolf cub. The blast of frost hits you! You hear the howling of the CwnAnnwn... [HP-2=5] The blast of frost hits the winter wolf cub. The blast of frost hits you! Your sky blue potion freezes and shatters! [HP-3=2] The winter wolf cub bites! You die... (2x) Final status: Sayonara Minoru the Samurai... You died in The Dungeons of Doom on dungeon level 8 with 2690 points, and 924 pieces of gold, after 1425 moves. You were level 6 with a maximum of 60 hit points when you died.